Celery, chaotic female sylph Rogue ) # -------------.---...-.-.-.------ ......d..f[E...................| ----- |...-----f.T.......-----------.| ##-...| ....|.+.|.(|------.|..|(((|....| |.<.| |...|+.+|..|..///|.|.%|.((|..|.|# #-...| |...|.+ ||-|.._..|.-|-|...|---..# #|...| |...-|---..|.....|....-|---.....# #----- |..........|..%..|.....%(......|# ### |........{.--|-..-.{..)........|# # |..............................|# # |...-|---...........-+--|---...|# # ....|..(--.-----.---| |.%.|...|# # |...|.((|..|%%.-.[..| |.*.|...|# # |...|((.|..|%..|.|..| |.."|...|### --------# |...-----+------.---- -----...|# # |.......# ...........(...................| ##.......| -------------------------------- -------- Celery the Pilferer Experience level: 11 Strength: 16 Dexterity: 17 Constitution: 17 Intelligence: 12 Wisdom: 10 Charisma: 7 Health: 0(114) Energy: 66(66) Def: 6 Gold: 0 Moves: 14203 Dungeon seed: W7k81Wv1wEtZ2JIx Game ID: Celery_1470672429 Your Inventory: Amulets N - an uncursed amulet of flying Weapons m - 11 uncursed +0 daggers (in quiver) I - 2 uncursed +0 elven daggers (wielded) Armor b - an uncursed +0 cornuthaum c - an uncursed +0 Hawaiian shirt f - an uncursed +0 mummy wrapping h - an uncursed +0 small shield n - a blessed +3 cloak of protection (being worn) Y - an uncursed +1 small shield Comestibles B - an uncursed partly eaten food ration Wands E - a cursed wand of enlightenment (0:9) F - an uncursed wand of undead turning (0:1) G - an uncursed wand of fire (0:5) K - a blessed wand of polymorph (0:0) L - an uncursed wand of polymorph (0:4) M - an uncursed wand of polymorph (0:6) P - an uncursed wand of enlightenment (0:9) Q - an uncursed wand of secret door detection (0:9) T - an uncursed wand of cancellation (0:4) Tools d - an uncursed lock pick s - an uncursed bag of holding v - an uncursed +0 unicorn horn w - an uncursed magic whistle x - an uncursed stethoscope y - an uncursed towel Gems e - 3 uncursed worthless pieces of yellow glass g - 3 uncursed worthless pieces of blue glass q - 5 uncursed worthless pieces of violet glass r - 2 uncursed worthless pieces of orange glass z - an uncursed worthless piece of white glass X - a cursed aquamarine stone Contents of the bag of holding: 6070 gold pieces a blessed amulet of reflection 45 uncursed poisoned +0 darts an uncursed C-ration 3 uncursed K-rations an uncursed cram ration 5 uncursed food rations 2 uncursed scrolls of blank paper 5 cursed scrolls of blank paper a blessed scroll of confuse monster an uncursed scroll of confuse monster a cursed scroll of confuse monster an uncursed scroll of create monster a cursed scroll of create monster 2 uncursed scrolls of destroy armor 2 uncursed scrolls of earth 2 cursed scrolls of earth a cursed scroll of enchant armor a blessed scroll of enchant weapon an uncursed scroll of fire a blessed scroll of food detection 2 uncursed scrolls of food detection 2 cursed scrolls of gold detection 2 uncursed scrolls of light a blessed scroll of magic mapping a cursed scroll of magic mapping an uncursed scroll of punishment an uncursed scroll of scare monster a cursed scroll of taming 5 uncursed scrolls of teleportation an uncursed potion of blindness an uncursed potion of booze 3 cursed potions of gain energy a blessed potion of hallucination 2 cursed potions of healing a cursed potion of invisibility 2 cursed potions of monster detection 2 cursed potions of object detection an uncursed potion of oil a blessed potion of paralysis a cursed potion of paralysis an uncursed potion of polymorph a cursed potion of restore ability a cursed potion of see invisible a blessed potion of sickness 2 uncursed potions of water an uncursed ring of cold resistance an uncursed ring of conflict a blessed +1 ring of gain strength an uncursed ring of teleport control an uncursed wand of cold (0:7) an uncursed wand of lightning (0:6) an uncursed wand of sleep (0:5) an uncursed wand of slow monster (0:7) an uncursed mirror an uncursed +0 pick-axe an uncursed sack an uncursed tin opener Spells and supernatural/magical abilities: Name Level Category Fail Memory a - force bolt 1 attack 40% 89% d - dig 5 matter 100% 47% h - healing 1 healing 40% 81% z - sleep 1 enchantment 40% 87% O - create monster 2 clerical 56% 48% W - pray for help -- divine ? -- Your skills at the end: Miscellaneous Skills wands [Basic] Weapon Skills dagger [Expert] short sword [Basic] Spellcasting Skills healing spells [Basic] Final Attributes: You were devoutly aligned. You saw invisible. You had automatic searching. You had infravision. You were invisible to others. You were displaced. You were stealthy. You were protected. You were protected from shape changers. You are dead. Vanquished creatures: a ghost 2 giant mimics a baby long worm a stalker an ettin mummy a large dog a freezing sphere a flaming sphere a large cat a tiger a gargoyle a dwarf king a tengu an elf mummy a human mummy a pit viper a python 2 leather golems a Grey-elf 2 soldiers a succubus an incubus 2 giant beetles a wolf a panther a quivering blob 2 lizards 3 mountain nymphs an orc-captain a giant spider an iron piercer 2 horses an ice vortex 2 black lights 2 gnome kings 2 ogres a rust monster 2 owlbears a yeti a werewolf 4 chickatrices a dog a dingo 2 housecats a jaguar a dwarf lord a blue jelly a water nymph 2 white unicorns a plains centaur 2 gnome mummies 2 snakes 2 human zombies a Woodland-elf 3 soldier ants 6 fire ants 2 bugbears a baby crocodile a wood nymph 4 rock moles 2 ponies a fog cloud 5 yellow lights 2 shriekers a violet fungus 12 gnome lords 2 gnomish wizards a kobold mummy a red naga hatchling 3 black naga hatchlings a golden naga hatchling a gray ooze 2 barrow wights 7 elf zombies a ghoul a straw golem 2 paper golems 4 giant ants 2 little dogs 5 floating eyes 2 kittens 10 dwarves a kobold lord 4 kobold shamans 6 iguanas 8 hill orcs 2 rothes 3 rabid rats 2 giant bats 5 orc zombies 6 dwarf zombies 2 werejackals 10 killer bees 5 coyotes a gas spore 4 hobbits 2 acid blobs 5 large kobolds 3 geckos 3 hobgoblins 3 giant rats 13 cave spiders 2 brown molds a yellow mold 3 green molds 31 gnomes 11 garter snakes 2 jackals 3 foxes 2 kobolds 9 newts 2 goblins a sewer rat 13 grid bugs 5 bats 7 lichens 3 kobold zombies 342 creatures vanquished. Genocided species: electric eels 1 species genocided. Voluntary challenges: You had followed a strict vegan diet until turn 4965. You had followed a strict vegetarian diet until turn 8783. You used a wielded weapon 580 times, starting on turn 490. You did not apply a unicorn horn. You read items or engraved 72 times, starting on turn 1127. You genocided 1 type of monster, starting on turn 3169. You polymorphed 81 items, starting on turn 9289. You never changed form. You completed Sokoban on turn 8568, according to the rules. You used no wishes. You never split a pudding. You never wrote Elbereth's name. You violated your moral code, losing 2 points of alignment, starting on turn 5627. Dungeon overview: The Dungeons of Doom: levels 1 to 10 Level 1 some fountains a long staircase Level 2 a fountain Level 3 Level 4 a scroll shop, a fountain stairs to The Gnomish Mines Level 5 Level 6 Level 7 an altar to Issek Level 8 a sink Level 9 many fountains Level 10 some fountains stairs to Sokoban The Gnomish Mines: levels 5 to 8 Level 5 stairs to The Dungeons of Doom Level 6 Level 7 Level 8 <- You were here many shops, a temple to Issek, a magic chest, some fountains Sokoban: levels 6 to 9 Level 6 a magic chest Level 7 Level 8 a fountain Level 9 a magic chest stairs to The Dungeons of Doom History has recorded: On T:1 you entered the Dungeons of Doom to retrieve the Amulet of Yendor! On T:581 you reached level 2 of The Dungeons of Doom. On T:791 you advanced to experience level 2. On T:953 you reached level 3 of The Dungeons of Doom. On T:1229 you advanced to experience level 3. On T:1407 you reached level 4 of The Dungeons of Doom. On T:1561 you advanced to experience level 4. On T:2098 you reached level 5 of The Dungeons of Doom. On T:2253 you advanced to experience level 5. On T:3085 you reached level 7 of The Dungeons of Doom. On T:3151 you advanced to experience level 6. On T:3420 you advanced to experience level 7. On T:3616 you reached level 8 of The Dungeons of Doom. On T:4311 you reached level 9 of The Dungeons of Doom. On T:4817 you reached level 10 of The Dungeons of Doom. On T:5014 you reached level 4 of Sokoban. On T:5058 you opened a magic chest. On T:5164 you opened a magic chest. On T:5164 you opened a magic chest. On T:5656 you advanced to experience level 8. On T:6008 you reached level 3 of Sokoban. On T:6685 you reached level 2 of Sokoban. On T:7615 you reached level 1 of Sokoban. On T:8568 you advanced to experience level 9. On T:8568 you entered the Sokoban zoo. On T:8648 you opened a magic chest. On T:8670 you opened a magic chest. On T:8819 you opened a magic chest. On T:8846 you opened a magic chest. On T:8860 you opened a magic chest. On T:8888 you opened a magic chest. On T:8898 you opened a magic chest. On T:8917 you opened a magic chest. On T:8974 you opened a magic chest. On T:9165 you opened a magic chest. On T:9232 you opened a magic chest. On T:9232 you opened a magic chest. On T:9270 you opened a magic chest. On T:9271 you opened a magic chest. On T:9277 you opened a magic chest. On T:9286 you opened a magic chest. On T:9316 you opened a magic chest. On T:9322 you opened a magic chest. On T:9327 you opened a magic chest. On T:9328 you opened a magic chest. On T:9992 you advanced to experience level 10. On T:9993 you received advice from The Oracle. On T:9993 you advanced to experience level 11. On T:11569 you reached level 1 of The Gnomish Mines. On T:11954 you reached level 2 of The Gnomish Mines. On T:12610 you reached level 3 of The Gnomish Mines. On T:13385 you reached level 4 of The Gnomish Mines. On T:13482 you entered the Minetown temple On T:13830 you opened a magic chest. On T:13947 you opened a magic chest. On T:14128 you opened a magic chest. On T:14138 you opened a magic chest. On T:14139 you opened a magic chest. On T:14140 you opened a magic chest. Score breakdown: Gold: 6070 ( 607 points) Experience: 11 levels ( 1000 points) Exploration: 10 levels ( 270 points) Discoveries: 38 items ( 1900 points) Variety of kills: 117 monsters ( 2000 points) Major goal: finished Sokoban ( 1000 points) Survival: died (score multiplied by 3) Total score: 20331 Latest messages: You start equipping your small shield. You take off your small shield. You stop changing your equipment. The troll swings her broad pick. The troll hits you! The troll claws you! The troll bites! You continue equipping your small shield. You are now holding a small shield. The troll swings her broad pick. The troll hits you! The troll claws you! The troll bites! You start equipping your small shield. You take off your small shield. You stop changing your equipment. The troll swings her broad pick. The troll hits you! The troll claws you! The troll bites! The troll swings her broad pick. The troll hits you! You die... Final status: Goodbye Celery the Rogue, killed by a troll... You died in The Gnomish Mines on dungeon level 8 with 20331 points, and 6070 pieces of gold, after 14203 moves. You were level 11 with a maximum of 114 hit points when you died.